 Dungeon Crawl Stone Soup version 0.19-a0-1532-g228a5d9 (webtiles) character file.

116 epen the Ducker (level 5, -1/43 HPs)
             Began as a Merfolk Monk on Sept 13, 2016.
             Slain by Crazy Yiuf
             ... wielding a +2 quarterstaff of chaos
              (7 damage)
             ... on level 2 of the Dungeon.
             The game lasted 00:04:48 (2163 turns).

epen the Ducker (Merfolk Monk)                      Turns: 2163, Time: 00:04:48

Health: -1/43      AC:  6    Str: 11    XL:     5   Next: 0%
Magic:  5/5        EV: 13    Int:  9    God:
Gold:   100        SH:  0    Dex: 18    Spells: 0 memorised, 4 levels left

rFire  . . .     SeeInvis .       - Unarmed
rCold  . . .     Gourm    .     h - +0 ring mail
rNeg   . . .     Faith    .     (no shield)
rPois  .         Spirit   .     (no helmet)
rElec  .         Dismiss  .     c - +0 cloak
rCorr  .         Reflect  .     (no gloves)
MR     .....     Harm     .     (no boots)
Stlth  ++........               (no amulet)
                                (no ring)
                                t - +3 ring of slaying

@: no status effects
A: change form in water, swift swim, stealthy swim
a: no special abilities


You were on level 2 of the Dungeon.
You were not hungry.

You visited 1 branch of the dungeon, and saw 2 of its levels.

You collected 100 gold pieces.

Inventory:

Missiles
 r - a throwing net (quivered)
Armour
 a - a +0 robe
 c - a +0 cloak (worn)
 h - a +0 ring mail (worn)
Jewellery
 t - a +3 ring of slaying (left hand)
Scrolls
 d - 2 scrolls of identify {unknown}
 f - a scroll of recharging {unknown}
 i - 2 scrolls of amnesia {unknown}
 k - a scroll of remove curse {unknown}
Potions
 e - 2 potions of degeneration {unknown}
 g - a potion of curing {unknown}
 j - a potion of heal wounds {unknown}
 m - a potion of cure mutation {unknown}
 n - a potion of resistance {unknown}
 p - a potion of invisibility {unknown}
 q - a potion of cancellation {unknown}
Comestibles
 b - 2 bread rations
 l - a beef jerky
 o - a slice of pizza
 s - 5 chunks of flesh


   Skills:
 + Level 4.3 Fighting
 + Level 4.9 Dodging
 - Level 2.1 Stealth
 * Level 4.6 Unarmed Combat


You had 4 spell levels left.
You didn't know any spells.

Dungeon Overview and Level Annotations

Branches:
Dungeon (2/15)

Altars:
Nemelex Xobeh

Annotations:
D:2 Crazy Yiuf


Message History

Crazy Yiuf is severely wounded.
Crazy Yiuf hits you with a quarterstaff of chaos!
* * * LOW HITPOINT WARNING * * *
Crazy Yiuf freezes you.
* * * LOW HITPOINT WARNING * * *
You hit Crazy Yiuf.
Crazy Yiuf is almost dead.
You closely miss Crazy Yiuf.
Crazy Yiuf is almost dead.
Crazy Yiuf misses you.
You hit Crazy Yiuf but do no damage.
Crazy Yiuf is almost dead.
Crazy Yiuf misses you.
You hit Crazy Yiuf.
Crazy Yiuf is almost dead.
Crazy Yiuf hits you but does no damage.
You closely miss Crazy Yiuf.
Crazy Yiuf is almost dead.
Crazy Yiuf hits you with a quarterstaff of chaos!
You die...

#......#
#....#
#.##.#
###....#
♣....♣
#.##.#
####.#
♣♣...♣
#.##.# #÷#
♣♣.♣♣ #.##.#
#.# ♣♣.♣
#.##.# #.#
♣.♣♣ #.##.#
#.# ♣♣.♣
#.##.# #.#
♣.♣♣ #.##.#
#.# #@#
###.##.# #.#
#.g.#
#.#.##.#####
#.# #...#
#.#.........
#.# #)..#
#.##.#######
### #####
#.##.# #
#.##.### #
#......#
####.#.#
#.#.#####


You could see Crazy Yiuf.

Vanquished Creatures
  Natasha (D:2)
  3 adders (D:2)
  An ooze (D:1)
  3 worms (D:2)
  3 dart slugs
  A giant gecko (D:1)
  12 bats
  2 giant cockroaches (D:1)
  3 goblins
  4 hobgoblins
  4 jackals (D:2)
  A quokka (D:2)
  A ball python (D:1)
  2 giant newts (D:1)
  2 kobolds (D:2)
  4 rats
47 creatures vanquished.

Notes
Turn   | Place    | Note
-------+----------+-------------------------------------------
     0 | D:1      | epen the Merfolk Monk began the quest for the Orb.
     0 | D:1      | Reached XP level 1. HP: 18/18 MP: 1/1
    67 | D:1      | Reached XP level 2. HP: 11/24 MP: 2/2
   220 | D:1      | I AM GREEEN
   623 | D:1      | Reached XP level 3. HP: 26/30 MP: 3/3
  1516 | D:2      | Reached XP level 4. HP: 37/37 MP: 4/4
  1556 | D:2      | WAKE ME UP
  1556 | D:2      | CANT WAKE UP INSIDE
  1697 | D:2      | Found a runed door.
  1882 | D:2      | Noticed Natasha
  1891 | D:2      | Killed Natasha
  1956 | D:2      | Found a sparkling altar of Nemelex Xobeh.
  2079 | D:2      | Reached XP level 5. HP: 42/43 MP: 5/5
  2153 | D:2      | Noticed Crazy Yiuf
  2154 | D:2      | gello
  2154 | D:2      | podoidi come here
  2163 | D:2      | Slain by Crazy Yiuf

Vault maps used:
D:1:      dpeg_arrival_shrine
D:2:      serial_forest, infiniplex_forest_clump_tiny,
          infiniplex_forest_zigzag_1, infiniplex_forest_lined_corner,
          infiniplex_forest_zigzag_2, infiniplex_forest_clump_small,
          nemelex_xobeh_ov_fountains_minmay, uniq_crazy_yiuf_cottage,
          uniq_natasha

Skill      XL: |  1  2  3  4 |
---------------+-------------+-----
Unarmed Combat | 4 |  4.6
Fighting       | 4 |  4.3
Dodging        | |  4.9
Stealth        | |  2.1

Action                   |  1- 3 |  4- 6 || total
-------------------------+-------+-------++-------
Melee: Unarmed           |   145 |    68 ||   213
       Punch             |     2 |     5 ||     7
 Stab: Sleeping          |     1 |     1 ||     2
  Eat: Chunk             |     2 |     2 ||     4
Armor: Robe              |     2 |       ||     2
       Ring mail         |    59 |    31 ||    90
Dodge: Dodged            |   138 |    53 ||   191
